 Dungeon Crawl Stone Soup version 0.27-a0-1513-g2aaa0cc67b (console) character file.

Game seed: 760912535676435919

2 Zeia the Sneak (level 1, -6/19 HPs)
             Began as a Draconian Delver on July 9, 2021.
             Killed from afar by an orc wizard (10 damage)
             ... with a magic dart
             ... on level 5 of the Dungeon.
             The game lasted 00:00:48 (67 turns).

Zeia the Sneak (Draconian Delver)                     Turns: 67, Time: 00:00:49

Health: -6/19      AC:  4    Str: 14    XL:     1   Next: 25%
Magic:  1/1        EV: 12    Int: 10    God:
Gold:   26         SH:  0    Dex: 12    Spells: 0/0 levels left

rFire    . . .     SeeInvis .   a - +0 falchion
rCold    . . .     Faith    .   (no shield)
rNeg     . . .     Spirit   .   (armour unavailable)
rPois    .         Reflect  .   (helmet restricted)
rElec    .         Harm     .   (no cloak)
rCorr    .         Rampage  .   (no gloves)
Will     .....                  (no boots)
Stlth    +++.......             (no amulet)
HPRegen  0.06/turn              (no ring)
MPRegen  0.07/turn              (no ring)

@: no status effects
A: AC +4, unfitting armour, cold-blooded
a: no special abilities


You were on level 5 of the Dungeon.
You visited 1 branch of the dungeon, and saw 2 of its levels.

You collected 26 gold pieces.

Inventory:

Hand Weapons
 a - a +0 falchion (weapon)
Wands
 f - a wand of digging (3)
Scrolls
 b - a scroll of fog
 c - a scroll of magic mapping
 d - a scroll of fear
 g - a scroll of identify {unknown}
Potions
 e - a potion of haste


   Skills:
 + Level 3.3 Fighting
 + Level 2.0 Long Blades
 + Level 1.7 Dodging
 + Level 4.6 Stealth


You couldn't memorise any spells.
You didn't know any spells.
Your spell library was empty.

Dungeon Overview and Level Annotations

Branches:
Dungeon (6/15)
 Temple: D:4-7

Altars:


Innate Abilities, Weirdness & Mutations

Your plain brown scales are hard. (AC +4)
You cannot fit into any form of body armour.
You are cold-blooded and may be slowed by cold attacks.


Message History

a +0 mace; an orc corpse You start resting.
An orc wizard is nearby!
An orc comes into view. It is wielding a +0 flail.
The orc shouts!
You hear a shout!
You hit the orc wizard but do no damage.
The orc wizard barely misses you.
You riposte.
You closely miss the orc wizard.
The orc wizard points at you and mumbles some strange words.
The puff of flame hits you!
Ouch! That really hurt!
* * * LOW HITPOINT WARNING * * *
You hit the orc wizard.
The orc wizard is moderately wounded.
The orc wizard hits you with a +0 dagger.
* * * LOW HITPOINT WARNING * * *
You barely miss the orc wizard.
The orc wizard is moderately wounded.
The orc barely misses you.
You riposte.
You hit the orc but do no damage. The orc wizard closely misses you.
The orc closely misses you.
You riposte.
You hit the orc.
The orc is heavily wounded.
You hit the orc wizard.
The orc wizard is heavily wounded.
The orc wizard hits you but does no damage.
The orc completely misses you.
You riposte.
You barely miss the orc.
You tail-slap the orc, but do no damage.
The orc is heavily wounded.
You hit the orc wizard but do no damage.
The orc wizard is heavily wounded.
The orc wizard barely misses you.
You riposte.
You hit the orc wizard.
The orc wizard is heavily wounded.
The orc barely misses you.
You hit the orc wizard but do no damage.
You tail-slap the orc wizard.
The orc wizard is severely wounded.
The orc wizard points at you and mumbles some strange words.
You resist with significant effort. The orc hits you but does no damage.
The orc wizard points at you and mumbles some strange words.
The magic dart hits you!
Ouch! That really hurt!
You die...

#... ###### #...##....
#..>.......o ......
#......[ ..### .....♣♣
....(... ...##..#....
##....### ...#....#..
.##.......# #..........
........)[####.........#
##.........#.$........##.
..........@o.....# ... ..
.#.........o..##.# ... ...
....$.......##.#.## ..##...
..........##....>.###.#....
#...........(..#......#....
.....!.........##..........
.............#...........
...............#........
..#.#.........#.#.....# . #
###......##.#......
##.#.....#........


You could see an orc wizard and an orc.

Vanquished Creatures
  An orc (D:5)
1 creature vanquished.

Notes
Turn   | Place    | Note
-------+----------+-------------------------------------------
     0 | D:5      | Zeia the Draconian Delver began the quest for the Orb.
     0 | D:5      | Reached XP level 1. HP: 19/19 MP: 1/1
    40 | D:5      | Noticed an orc wizard
    67 | D:5      | Killed from afar by an orc wizard

Illustrated notes

Levels and vault maps discovered:
D:5:      layout_cave_pools, nicolae_tso_carved_into_rock,
          mainiacjoe_overflow_large_starburst, uniq_edmund
D:6:      layout_basic, minmay_temple_entry_glass,
          amcnicky_mini_corridor_feature, hangedman_abyss_or_decor_stabs,
          corner_web_ring, minmay_hollow_rounded_squares

Action                   || total
-------------------------++-------
Melee: Falchion          ||     8
       Tailslap          ||     4
Armor: Skin              ||     2
Dodge: Dodged            ||     7
       Rpst.: Falchion   ||     5

Table legend: (Time is in decaauts)
 A = Elapsed time spent in this place.
 B = Non-inter-level travel time spent in this place.
 C = Inter-level travel time spent in this place.
 D = Time resting spent in this place.
 E = Time spent auto-exploring this place.
 F = Levels seen in this place.
 G = Mean time per level.
                   A        B        C        D        E       F      G
               +--------+--------+--------+--------+--------+-----+--------+
         Total |     68 |     68 |      0 |      6 |     23 |   2 |   34.0 |
       Dungeon |     68 |     68 |      0 |      6 |     23 |   2 |   34.0 |
               +--------+--------+--------+--------+--------+-----+--------+

Top non-repeatable levels by time:
     D:5: 66 daAuts
     D:6: 1 daAuts
